Map: Sentinel LE

Players

A.I. 5 (Harder)

  • Race: Protoss Protoss
  • Spawn Location: 9:00

A.I. 4 (Hard)

  • Race: Protoss Protoss
  • Spawn Location: 9:00

A.I. 3 (Hard)

  • Race: Zerg Zerg
  • Spawn Location: 12:00

SlushyStar - Winner!

  • Race: Protoss Protoss
  • Spawn Location: 6:00

Faust - Winner!

  • Race: Zerg Zerg
  • League: Diamond
  • Spawn Location: 5:00

Throwfordays - Winner!

  • Race: Zerg Zerg
  • League: Silver
  • Spawn Location: 5:00

VOD

Have the link to the VOD?

Description

Time

  • Played on: Sept. 11, 2020, noon
  • Length: 12:16
Show
View Real Time Build Order
Export as new Build Order

A.I. 5 (Harder) Protoss 

Build Orders:  

Get SALT Encoding   

  12  0:01  Probe  
  13  0:13  Probe  
  14  0:20  Pylon  
  14  0:25  Probe  
  15  0:34  Probe  
  15  0:42  Probe  
  16  0:47  Assimilator  
  17  0:50  Gateway  
  17  0:52  Probe  
  18  1:00  Probe  
  18  1:01  Pylon  
  19  1:18  Probe  
  20  1:38  Zealot  
  20  1:39  Gateway  
  22  1:42  Cybernetics Core  
  22  1:44  Assimilator  
  22  1:59  Pylon  
  22  2:08  Adept  
  24  2:24  Warp Gate  
  24  2:28  Stalker  
  26  2:38  Zealot  
  26  2:42  Pylon  
  28  2:57  Stalker  
  28  2:58  Adept  
  32  3:20  Pylon  
  32  3:28  Adept  
  32  3:33  Stalker  
  36  3:39  Probe  
  37  3:51  Probe  
  38  3:58  Adept  
  38  4:00  Forge  
  40  4:03  Adept, Probe  
  40  4:09  Pylon  
  43  4:11  Probe  
  44  4:19  Probe  
  45  4:29  Probe  
  46  4:36  Stalker  
  48  4:46  Adept  
  50  4:59  Zealot  
  52  5:51  Protoss Ground Weapons Level 1  
  52  6:01  Sentry  
  54  6:04  Gateway  
  54  6:08  Stalker  
  54  6:09  Pylon, Nexus  
  56  6:11  Photon Cannon  
  56  6:14  Photon Cannon  
  56  6:15  Robotics Facility  
  56  6:23  Stalker  
  58  6:28  Twilight Council  
  58  6:31  Stalker  
  60  6:38  Stalker  
  60  6:47  Pylon  
  60  6:54  Sentry  
  56  7:01  Sentry  
  56  7:04  Blink  
  40  7:08  Stalker  
  42  7:17  Zealot  
  42  7:22  Probe  
  45  7:23  Probe  
  45  7:24  Stalker  
  48  7:31  Stalker  
  48  7:34  Probe  
  48  7:36  Probe  
  52  7:39  Zealot  
  54  7:46  Stalker, Probe  
  54  7:48  Protoss Ground Armor Level 1  
  54  7:49  Probe  
  58  7:54  Adept  
  60  7:58  Probe  
  60  8:01  Probe  
  60  8:02  Stalker  
  63  8:07  Observer  
  63  8:09  Adept  
  63  8:10  Probe  
  67  8:13  Probe  
  67  8:16  Pylon  
  67  8:19  Probe  
  68  8:23  Pylon  
  68  8:25  Probe  
  70  8:27  Probe  
  70  8:28  Observer  
  72  8:34  Stargate  
  72  8:35  Probe  
  72  8:37  Probe  
  74  8:44  Forge  
  74  8:49  Photon Cannon  
  74  8:55  Photon Cannon  
  74  9:13  Assimilator  
  74  9:17  Assimilator  
  74  9:35  Probe x2  
  76  9:47  Probe  
  76  9:48  Probe  
  78  9:54  Adept  
  78  9:59  Void Ray, Stalker, Probe  
  73  10:03  Gateway  
  73  10:04  Stalker  
  79  10:08  Robotics Facility  
  79  10:11  Stargate  
  79  10:15  Stalker  
  71  10:22  Zealot  
  71  10:25  Pylon  
  71  10:28  Nexus  
  51  10:37  Void Ray  
  39  10:43  Stalker x2, Zealot  
  45  11:05  Pylon  
  43  11:16  Stalker  
  45  11:21  Nexus  
  45  11:23  Stalker  
  45  11:25  Probe  
  46  11:33  Stalker  
  22  11:52  Pylon  
  13  12:02  Pylon  
Show
View Real Time Build Order
Export as new Build Order

A.I. 4 (Hard) Protoss 

Build Orders:  

Get SALT Encoding   

  12  0:01  Probe  
  13  0:13  Probe  
  14  0:22  Pylon  
  14  0:25  Probe  
  15  0:36  Probe  
  16  0:44  Probe  
  16  0:48  Assimilator  
  17  0:53  Gateway, Probe  
  18  1:01  Pylon, Probe  
  19  1:21  Probe  
  20  1:40  Zealot  
  20  1:41  Cybernetics Core  
  20  1:44  Gateway  
  22  1:47  Assimilator  
  22  2:03  Pylon  
  22  2:07  Adept  
  22  2:17  Warp Gate  
  24  2:30  Adept  
  26  2:37  Adept  
  26  2:42  Pylon  
  28  2:54  Stalker  
  30  3:07  Adept  
  30  3:08  Probe  
  33  3:18  Pylon  
  33  3:20  Adept, Probe  
  36  3:32  Probe  
  37  3:37  Adept  
  37  3:40  Forge  
  39  3:44  Probe  
  40  3:48  Adept  
  42  3:56  Probe  
  43  4:08  Probe  
  44  4:15  Zealot  
  46  4:44  Protoss Ground Weapons Level 1  
  46  4:51  Probe  
  46  4:54  Sentry  
  46  4:56  Gateway  
  46  4:58  Pylon  
  48  5:03  Sentry  
  50  5:15  Photon Cannon  
  50  5:17  Sentry  
  50  5:19  Robotics Facility  
  52  5:26  Zealot  
  54  5:30  Pylon  
  54  5:40  Photon Cannon, Sentry  
  44  5:49  Zealot  
  38  5:59  Adept  
  40  6:07  Observer  
  40  6:08  Zealot  
  43  6:17  Stalker  
  45  6:19  Stargate  
  45  6:24  Nexus  
  45  6:27  Adept  
  45  6:29  Observer  
  48  6:36  Zealot  
  48  6:37  Protoss Ground Armor Level 1  
  50  6:45  Stalker  
  52  6:54  Twilight Council  
  52  6:55  Stalker  
  54  7:05  Forge  
  54  7:13  Stalker x2  
  54  7:37  Probe  
  55  7:38  Probe  
  56  7:49  Probe  
  56  7:50  Stalker  
  56  7:51  Probe  
  54  7:52  Assimilator  
  54  7:55  Pylon  
  54  7:56  Pylon  
  34  7:59  Zealot  
  36  8:09  Sentry, Probe  
  36  8:11  Probe  
  40  8:18  Zealot  
  42  8:21  Probe  
  42  8:23  Probe  
  44  8:27  Sentry  
  44  8:33  Probe  
  47  8:35  Probe  
  47  8:37  Adept  
  50  8:45  Probe  
  50  8:46  Zealot  
  53  8:49  Probe  
  54  8:55  Zealot  
  54  8:58  Probe  
  54  9:01  Probe  
  58  9:03  Stalker  
  60  9:10  Stalker, Probe  
  60  9:12  Gateway  
  60  9:17  Sentry  
  65  9:20  Robotics Facility  
  65  9:27  Sentry  
  65  9:28  Stargate  
  65  9:33  Stalker  
  65  9:34  Void Ray  
  69  9:46  Adept  
  69  9:48  Warp Prism  
  71  9:53  Adept  
  69  10:00  Stalker  
  68  10:13  Stalker  
  70  10:16  Nexus  
  70  10:18  Stalker  
  62  10:25  Adept  
  62  10:31  Zealot  
  62  10:34  Warp Prism  
  64  10:39  Stalker  
  66  10:43  Stalker  
  56  10:50  Stalker  
  56  10:57  Zealot  
  56  11:03  Adept  
  41  11:10  Adept  
  27  11:51  Nexus  
  27  11:53  Pylon  
  27  11:55  Stalker  
Show
View Real Time Build Order
Export as new Build Order

A.I. 3 (Hard) Zerg 

Build Orders: 1 Base Baneling Bust, Pool First 

Get SALT Encoding   

  12  0:01  Drone  
  13  0:13  Overlord  
  13  0:18  Drone  
  14  0:31  Drone  
  14  0:32  Drone  
  16  0:42  Spawning Pool  
  16  0:46  Drone  
  16  0:50  Drone  
  16  0:52  Extractor  
  16  0:56  Drone  
  17  1:06  Overlord  
  17  1:31  Zergling x2  
  17  1:32  Queen  
  20  1:39  Drone, Roach Warren  
  20  1:41  Extractor  
  20  1:44  Zergling x2  
  20  1:49  Drone  
  21  2:00  Drone  
  22  2:10  Overlord  
  22  2:21  Drone  
  23  2:32  Roach  
  25  2:39  Drone  
  25  2:42  Overlord  
  26  2:44  Roach  
  28  2:57  Roach  
  30  3:09  Roach  
  32  3:13  Overlord  
  32  3:21  Roach  
  34  3:33  Roach  
  36  3:44  Overlord  
  36  3:45  Roach  
  36  3:47  Drone  
  39  3:51  Drone  
  40  3:55  Drone  
  40  3:57  Roach  
  40  4:02  Drone  
  44  4:12  Baneling Nest  
  44  4:13  Roach  
  44  4:14  Drone  
  44  4:15  Drone  
  47  4:18  Drone  
  48  4:24  Evolution Chamber  
  48  4:25  Roach  
  49  4:35  Drone  
  50  4:46  Roach  
  51  4:58  Roach  
  53  5:10  Zergling x2  
  54  6:47  Lair  
  54  6:48  Zergling x2, Overlord  
  54  6:49  Zerg Melee Weapons Level 1  
  54  6:50  Evolution Chamber  
  54  6:52  Spore Crawler  
  53  6:54  Spore Crawler, Drone  
  53  6:55  Baneling  
  53  6:57  Hatchery  
  53  6:58  Drone  
  53  7:02  Zergling x2  
  53  7:06  Overlord  
  54  7:09  Zergling x2  
  54  7:15  Zergling x2  
  56  7:16  Zerg Ground Armor Level 1  
  56  7:21  Spine Crawler  
  56  7:22  Zergling x2  
  55  7:23  Metabolic Boost  
  55  7:29  Zergling x2, Spine Crawler  
  53  7:36  Zergling x2, Baneling  
  31  7:44  Queen  
  31  7:48  Overseer x2  
  31  7:50  Spire  
  32  7:52  Drone  
  33  8:04  Hydralisk Den  
  32  8:10  Burrow, Drone  
  32  8:12  Drone  
  34  8:13  Drone  
  34  8:14  Drone  
  34  8:16  Drone  
  34  8:18  Extractor  
  36  8:20  Spore Crawler  
  36  8:21  Drone  
  36  8:26  Drone  
  37  8:30  Drone  
  37  8:33  Drone  
  39  8:35  Drone  
  39  8:36  Drone  
  39  8:38  Drone  
  39  8:39  Drone  
  43  8:43  Drone, Zerg Missile Weapons Level 1  
  43  8:44  Drone  
  45  8:48  Drone  
  45  8:51  Drone  
  42  8:57  Drone  
  42  8:59  Drone  
  42  9:01  Mutalisk  
  43  9:04  Drone  
  43  9:08  Drone  
  43  9:09  Hydralisk  
  39  9:15  Hydralisk  
  39  9:16  Drone x2  
  39  9:17  Drone x2  
  39  9:18  Drone  
  39  9:22  Mutalisk  
  35  9:25  Drone  
  35  9:26  Drone  
  35  9:27  Drone  
  35  9:28  Mutalisk  
  24  9:31  Drone  
  24  9:32  Drone  
  17  10:12  Drone x2  
  17  10:13  Drone  
Show
View Real Time Build Order
Export as new Build Order

SlushyStar Protoss - Winner!

Build Orders:  

Get SALT Encoding   

  12  0:02  Probe  
  13  0:14  Assimilator  
  13  0:25  Pylon  
  13  0:34  Pylon  
  13  0:44  Pylon  
  13  0:55  Pylon  
  13  0:58  Pylon  
  13  1:01  Probe  
  14  1:13  Probe  
  15  1:25  Probe  
  16  1:33  Gateway  
  16  1:37  Probe  
  17  1:50  Probe  
  18  1:59  Assimilator  
  18  2:02  Probe  
  19  2:14  Probe  
  20  2:18  Pylon  
  20  2:20  Pylon  
  20  2:26  Probe  
  20  2:27  Zealot  
  23  2:54  Zealot  
  25  3:07  Forge  
  25  3:22  Zealot  
  25  3:24  Nexus  
  27  3:35  Pylon  
  27  3:38  Pylon  
  27  3:41  Pylon  
  27  3:47  Pylon  
  27  3:49  Probe  
  28  4:01  Probe  
  29  4:15  Cybernetics Core  
  29  4:16  Zealot  
  31  4:36  Probe  
  32  4:45  Probe  
  33  4:48  Zealot, Probe  
  36  5:00  Probe  
  37  5:09  Shield Battery  
  37  5:12  Probe  
  38  5:15  Zealot  
  38  5:20  Stargate  
  40  5:21  Stargate  
  40  5:24  Stargate  
  40  5:25  Probe  
  41  5:37  Probe  
  42  5:49  Probe  
  43  6:01  Probe  
  44  6:13  Probe  
  45  6:28  Probe  
  45  6:31  Photon Cannon x2  
  46  6:34  Photon Cannon  
  46  6:35  Photon Cannon  
  46  6:40  Probe  
  39  6:47  Void Ray  
  39  6:49  Assimilator  
  39  6:50  Void Ray  
  39  6:51  Void Ray  
  39  6:52  Probe  
  39  6:53  Assimilator  
  42  6:59  Zealot  
  52  7:04  Probe  
  53  7:16  Probe  
  54  7:27  Zealot  
  54  7:28  Probe  
  57  7:40  Void Ray, Probe  
  57  7:42  Void Ray  
  57  7:43  Shield Battery  
  57  7:44  Void Ray  
  70  7:52  Protoss Shields Level 1, Probe  
  70  7:54  Zealot  
  73  8:04  Probe  
  74  8:11  Protoss Air Weapons Level 1  
  74  8:19  Void Ray  
  74  8:21  Void Ray, Zealot  
  80  8:33  Probe  
  85  8:45  Probe  
  85  8:48  Zealot  
  88  9:15  Zealot  
  90  9:42  Stalker  
  92  10:00  Protoss Ground Weapons Level 1  
  92  10:19  Protoss Air Armor Level 1  
  80  10:57  Void Ray  
  60  11:03  Void Ray  
  64  11:06  Void Ray  
  72  11:29  Fleet Beacon  
Show
View Real Time Build Order
Export as new Build Order

Faust Zerg - Winner!

Build Orders: Hatch First, Muta Ling Bane 

Get SALT Encoding   

  12  0:06  Drone  
  13  0:19  Drone  
  14  0:23  Extractor, Overlord  
  14  0:24  Drone  
  15  0:43  Drone  
  15  0:44  Drone  
  17  0:54  Hatchery  
  16  0:59  Drone  
  17  1:14  Spawning Pool  
  17  1:17  Drone  
  17  1:18  Drone  
  18  1:27  Extractor, Drone  
  18  1:42  Drone  
  19  1:51  Overlord  
  19  1:58  Drone  
  19  2:01  Queen  
  22  2:06  Queen  
  22  2:08  Drone x2  
  26  2:30  Drone  
  26  2:32  Metabolic Boost  
  26  2:33  Hatchery  
  26  2:35  Drone  
  27  2:40  Overlord  
  27  2:49  Drone  
  27  2:50  Drone  
  27  2:51  Drone  
  30  2:53  Overlord  
  30  3:01  Drone  
  30  3:02  Drone x2  
  33  3:10  Lair  
  33  3:13  Drone  
  33  3:14  Drone  
  33  3:18  Overlord  
  35  3:28  Drone x2  
  35  3:29  Drone  
  35  3:32  Overlord  
  38  3:42  Queen  
  41  3:48  Drone  
  41  3:50  Baneling Nest  
  41  3:51  Drone  
  41  3:52  Drone x5  
  46  4:01  Drone  
  46  4:02  Extractor, Drone x2  
  48  4:03  Drone  
  48  4:06  Extractor  
  48  4:07  Drone x3  
  48  4:09  Extractor  
  50  4:11  Queen  
  52  4:24  Drone x2  
  52  4:25  Drone x2  
  52  4:26  Drone  
  52  4:28  Drone  
  52  4:29  Drone  
  59  4:34  Extractor  
  59  4:35  Extractor, Drone x3  
  59  4:36  Drone  
  61  4:40  Drone  
  61  4:42  Drone  
  61  4:43  Overlord  
  63  4:47  Queen  
  65  5:02  Centrifical Hooks  
  65  5:03  Spire  
  64  5:18  Drone x7  
  64  5:19  Drone x2  
  64  5:20  Overlord x3  
  73  5:22  Queen  
  73  6:09  Overlord x2  
  73  6:17  Mutalisk  
  73  6:18  Mutalisk x9  
  93  6:27  Zerg Flyer Weapons Level 1  
  93  6:30  Infestation Pit  
  92  6:33  Burrow, Pneumatized Carapace  
  92  6:34  Drone, Evolution Chamber  
  92  6:35  Evolution Chamber  
  92  6:37  Drone x2  
  92  6:38  Mutalisk x2  
  92  6:39  Mutalisk  
  99  7:06  Mutalisk x4  
  107  7:10  Zergling x4  
  107  7:11  Zergling x16  
  107  7:14  Zerg Melee Weapons Level 1  
  117  7:21  Zergling x2  
  111  7:32  Zergling x10  
  111  7:33  Mutalisk  
  109  7:45  Hive  
  109  7:51  Zerg Ground Armor Level 1  
  109  7:52  Zergling x18  
  118  8:21  Zergling x2  
  118  8:22  Zergling x4  
  118  8:24  Overlord x3  
  118  8:25  Overlord x5  
  121  8:32  Extractor  
  121  8:34  Extractor, Hatchery  
  114  9:11  Mutalisk x10  
  114  9:12  Mutalisk x5  
  144  9:30  Mutalisk x3  
  133  9:35  Queen  
  133  10:19  Mutalisk  
  133  10:20  Mutalisk x8  
  149  10:22  Zergling x2  
  149  10:23  Zergling x22  
  161  10:34  Adrenal Glands  
  161  10:42  Mutalisk  
  161  10:44  Overlord  
  163  10:56  Drone x3  
  165  10:57  Drone  
  165  10:58  Drone x5  
  164  11:15  Mutalisk  
  164  11:16  Mutalisk x2  
Show
View Real Time Build Order
Export as new Build Order

Throwfordays Zerg - Winner!

Build Orders: Hatch First 

Get SALT Encoding   

  12  0:01  Drone  
  13  0:13  Overlord  
  13  0:18  Drone  
  14  1:27  Drone x3  
  17  1:45  Extractor, Drone  
  17  1:49  Hatchery  
  17  1:52  Drone  
  17  1:56  Extractor  
  16  2:04  Drone  
  16  2:08  Spawning Pool  
  16  2:12  Drone  
  17  2:23  Drone  
  18  2:36  Drone  
  19  2:50  Drone  
  20  2:54  Drone  
  21  3:00  Queen  
  21  3:02  Overlord  
  21  3:03  Queen  
  21  3:05  Drone  
  26  3:07  Hatchery  
  26  3:09  Metabolic Boost  
  25  3:16  Drone  
  26  3:29  Drone x2  
  26  3:34  Zergling x2  
  29  3:37  Zergling x2  
  30  3:45  Zergling x2  
  30  3:47  Zergling x2  
  32  3:53  Zergling x2  
  33  3:55  Zergling x2  
  33  4:01  Zergling x2  
  35  4:06  Overlord  
  35  4:08  Overlord  
  35  4:18  Zergling x2  
  36  4:25  Overlord x2  
  36  4:30  Queen  
  38  4:31  Zergling x2  
  38  4:32  Zergling x2  
  38  4:33  Zergling x2  
  38  4:34  Zergling x6  
  38  4:37  Lair  
  44  4:40  Baneling Nest, Drone  
  44  4:43  Zergling x2  
  44  4:45  Zergling x2  
  46  4:56  Zergling x6  
  46  4:59  Zergling x4  
  51  5:03  Zergling x2  
  52  5:08  Drone  
  52  5:11  Drone x2  
  52  5:13  Drone  
  56  5:18  Drone  
  57  5:27  Drone  
  58  5:28  Drone  
  58  5:29  Drone x2  
  58  5:32  Drone  
  56  5:49  Baneling x10  
  55  5:50  Baneling x5  
  55  5:55  Centrifical Hooks  
  55  6:01  Drone x2  
  55  6:02  Drone  
  58  6:05  Drone x2  
  58  6:08  Drone  
  58  6:09  Drone  
  62  6:17  Drone  
  63  6:20  Overlord x2  
  63  6:24  Zergling x6  
  66  6:25  Zergling x2  
  66  6:26  Zergling x2  
  68  6:33  Zergling x8  
  68  6:39  Drone x4  
  69  7:23  Zergling x10  
  69  7:27  Zergling x8  
  69  7:28  Zergling x2  
  79  7:31  Zergling x12  
  75  8:12  Drone x2  
  77  8:13  Drone x4  
  77  8:16  Overlord x2  
  77  8:17  Overlord x2  
  77  8:19  Zergling x4  
  83  8:23  Zergling x10  
  88  8:39  Baneling  
  88  8:40  Baneling x9  
  88  8:41  Baneling x14  
  88  8:42  Baneling x13  
  88  8:43  Baneling x7  
  88  8:47  Zergling x8  
  92  8:50  Zergling x2  
  92  8:51  Zergling x8  
  92  8:54  Zergling x2  
  92  8:55  Zergling x10  
  103  9:00  Hatchery  
  103  9:02  Extractor  
  101  9:03  Extractor  
  101  9:06  Extractor  
  101  9:08  Extractor  
  98  9:30  Drone  
  99  9:34  Zergling x8  
  99  9:37  Zergling x8  
  99  9:38  Zergling x4  
  109  9:42  Drone x2  
  109  9:45  Drone x3  
  87  10:50  Drone x2  
  87  10:52  Zergling x2  
  87  10:53  Zergling x4  
  87  10:56  Zergling x8  
  94  10:57  Zergling x2  
  94  11:01  Zergling x8  
  94  11:02  Zergling x4  
  90  11:17  Evolution Chamber  
  87  11:20  Evolution Chamber  
  87  11:22  Zergling x2  
  87  11:25  Zergling x10  
  92  11:31  Drone x3  
  95  11:33  Zergling x2  
  95  11:34  Zergling x2  
Tags
 
Add a new tag
Caveats
  • Supply blocks, unpowered buildings, or Contaminate may cause inaccurate times.
  • Supply counts are checked every 10 seconds.